PIO (24 & UNDER)
SURREY SINNERS @ CHULA VISTA TACOS
07/27/2030
 
TOP OF THE 1ST
Surrey Sinners batting - Pitching for Chula Vista Tacos : RHP Joel Ortega
Pitching: RHP Joel Ortega
Batting: RHB Pat Simms 0-0: SOLO HOME RUN (Flyball, 7LD), Distance : 381 ft
Batting: LHB Robert Mann 0-0: Ball
1-0: Called Strike
1-1: Ball
2-1: Swinging Strike
2-2: Foul Ball, location: 2F
2-2: Strikes out swinging
Batting: RHB Christian Porter 0-0: SINGLE (Groundball, 4D)
Batting: RHB Robert Sipple 0-0: Ball
1-0: Foul Ball, location: 2F
1-1: Foul Ball, location: 2F
1-2: Strikes out swinging
Batting: SHB Ed Nelson 0-0: Called Strike
0-1: Called Strike
0-2: Ball
1-2: Strikes out swinging
Top of the 1st over - 1 run, 2 hits, 0 errors, 1 left on base; Surrey 1 - Chula Vista 0
BOTTOM OF THE 1ST
Chula Vista Tacos batting - Pitching for Surrey Sinners : RHP Larry Simonds
Pitching: RHP Larry Simonds
Batting: SHB Ethan Finley 0-0: Foul Ball, location: 2F
0-1: Ball
1-1: Called Strike
1-2: Ball
2-2: Strikes out swinging
Batting: LHB Dale Miller 0-0: Ball
1-0: Foul Ball, location: 2F
1-1: Ball
2-1: Foul Ball, location: 2F
2-2: Ball
3-2: Ground out 4-3 (Groundball, 4S)
Batting: RHB Valentín Saldaña 0-0: Ball
1-0: Ball
2-0: SINGLE (Groundball, 34D)
Batting: LHB Jean Beauchemin 0-0: Called Strike
0-1: Foul Ball, location: 2F
0-2: Strikes out swinging
Bottom of the 1st over - 0 runs, 1 hit, 0 errors, 1 left on base; Surrey 1 - Chula Vista 0
TOP OF THE 2ND
Surrey Sinners batting - Pitching for Chula Vista Tacos : RHP Joel Ortega
Batting: RHB Eric Turner 0-0: Called Strike
0-1: Foul Ball, location: 2F
0-2: Ground out 4-3 (Groundball, 34)
Batting: RHB Jake Townsend 0-0: Called Strike
0-1: Ball
1-1: Ball
2-1: Ball
3-1: Base on Balls
Batting: LHB Patrick Ferguson 0-0: Called Strike
0-1: SINGLE (Line Drive, 3D)
Jake Townsend to second
Batting: RHB Francisco Martínez 0-0: Foul Ball, location: 2F
0-1: Ball
1-1: Foul Ball, location: 2F
1-2: Ground out U3 (Groundball, 3S)
Jake Townsend to third
Patrick Ferguson to second
Batting: RHB Pat Simms 0-0: Ball
1-0: Ball
2-0: Called Strike
2-1: Ball
3-1: Swinging Strike
3-2: Strikes out swinging
Top of the 2nd over - 0 runs, 1 hit, 0 errors, 2 left on base; Surrey 1 - Chula Vista 0
BOTTOM OF THE 2ND
Chula Vista Tacos batting - Pitching for Surrey Sinners : RHP Larry Simonds
Batting: RHB Miguel Murillo 0-0: Ball
1-0: Called Strike
1-1: Foul Ball, location: 2F
1-2: SINGLE (Groundball, 56D)
Batting: RHB Germán Ontiveros 0-0: Ball
1-0: Ball
2-0: Ball
3-0: Base on Balls
Miguel Murillo to second
Batting: RHB Nelson Wright 0-0: Called Strike
0-1: Foul Ball, location: 2F
0-2: Foul Ball, location: 2F
0-2: Foul Ball, location: 2F
0-2: SINGLE (Groundball, 6D)
Miguel Murillo to third
Germán Ontiveros to second
Batting: SHB Jared Calhoun 0-0: Ball
1-0: Called Strike
1-1: Swinging Strike
1-2: SINGLE (Line Drive, 6)
Miguel Murillo scores
Germán Ontiveros to third
Nelson Wright to second
Batting: RHB Jesús García 0-0: Hit by Pitch
Germán Ontiveros scores
Nelson Wright to third
Jared Calhoun to second
Batting: SHB Ethan Finley 0-0: Foul Ball, location: 2F
0-1: SINGLE (Line Drive, 4M)
Nelson Wright scores
Jared Calhoun to third
Jesús García to second
Batting: LHB Dale Miller 0-0: Called Strike
0-1: Ball
1-1: Called Strike
1-2: Ball
2-2: Strikes out swinging
Batting: RHB Valentín Saldaña 0-0: Ball
1-0: Ground out 4-3 (Groundball, 4S)
Jared Calhoun scores
Jesús García to third
Ethan Finley to second
Batting: LHB Jean Beauchemin 0-0: Ball
1-0: Ball
2-0: Ball
3-0: Base on Balls
Batting: RHB Miguel Murillo 0-0: Swinging Strike
0-1: Ball
1-1: Ball
2-1: DOUBLE (Flyball, 8RXD)
Jesús García scores
Ethan Finley scores
Jean Beauchemin to third
Runner from 3rd tries for Home, SAFE, no throw
Pitching: LHP Craig Caldwell
Batting: RHB Germán Ontiveros 0-0: Ball
1-0: Foul Ball, location: 2F
1-1: Ball
2-1: Ground out 5-3 (Groundball, 5D)
Bottom of the 2nd over - 7 runs, 5 hits, 0 errors, 1 left on base; Surrey 1 - Chula Vista 7
TOP OF THE 3RD
Surrey Sinners batting - Pitching for Chula Vista Tacos : RHP Joel Ortega
Batting: LHB Robert Mann 0-0: Called Strike
0-1: Ground out 1-3 (Groundball, 13)
Batting: RHB Christian Porter 0-0: Called Strike
0-1: Ball
1-1: Ball
2-1: Foul Ball, location: 2F
2-2: Reached on error, E5 (Groundball, 56S)
Batting: RHB Robert Sipple 0-0: Fly out, F8 (Flyball, 78M)
Batting: SHB Ed Nelson 0-0: Called Strike
0-1: Called Strike
0-2: Strikes out swinging
Top of the 3rd over - 0 runs, 0 hits, 1 error, 1 left on base; Surrey 1 - Chula Vista 7
BOTTOM OF THE 3RD
Chula Vista Tacos batting - Pitching for Surrey Sinners : LHP Craig Caldwell
Batting: RHB Nelson Wright 0-0: Foul Ball, location: 2F
0-1: Called Strike
0-2: Strikes out swinging, 2-3 out at first.
Batting: SHB Jared Calhoun 0-0: SINGLE (Line Drive, 6MD)
Batting: RHB Jesús García 0-0: Swinging Strike
0-1: Called Strike
0-2: Strikes out looking
Batting: SHB Ethan Finley 0-0: Ball
1-0: Fly out, F8 (Flyball, 8RD)
Bottom of the 3rd over - 0 runs, 1 hit, 0 errors, 1 left on base; Surrey 1 - Chula Vista 7
TOP OF THE 4TH
Surrey Sinners batting - Pitching for Chula Vista Tacos : RHP Joel Ortega
Batting: RHB Eric Turner 0-0: Ball
1-0: Foul Ball, location: 2F
1-1: Foul Ball, location: 2F
1-2: Strikes out swinging
Batting: RHB Jake Townsend 0-0: Fly out, F9 (Line Drive, 9)
Batting: LHB Patrick Ferguson 0-0: Ground out 1-3 (Groundball, 15S)
Top of the 4th over - 0 runs, 0 hits, 0 errors, 0 left on base; Surrey 1 - Chula Vista 7
BOTTOM OF THE 4TH
Chula Vista Tacos batting - Pitching for Surrey Sinners : LHP Craig Caldwell
Batting: LHB Dale Miller 0-0: Ball
1-0: Called Strike
1-1: Ball
2-1: Ball
3-1: Swinging Strike
3-2: Foul Ball, location: 2F
3-2: Foul Ball, location: 2F
3-2: Foul Ball, location: 2F
3-2: Strikes out swinging
Batting: RHB Valentín Saldaña 0-0: Foul Ball, location: 2F
0-1: Ball
1-1: SINGLE (Groundball, 4MD)
Batting: LHB Jean Beauchemin 0-0: Ball
1-0: Foul Ball, location: 2F
1-1: Ball
2-1: Foul Ball, location: 2F
2-2: Foul Ball, location: 2F
2-2: Foul Ball, location: 2F
2-2: Ball
3-2: Foul Ball, location: 2F
3-2: Foul Ball, location: 2F
3-2: Fielders Choice at 2nd, 4-6 (Groundball, 4)
Batting: RHB Miguel Murillo 0-0: Called Strike
0-1: SINGLE (Groundball, 5D)
Jean Beauchemin to second
Batting: RHB Germán Ontiveros 0-0: Ball
1-0: Ball
2-0: Ball
3-0: Called Strike
3-1: Foul Ball, location: 2F
3-2: Fly out, F8 (Flyball, 8LD)
Bottom of the 4th over - 0 runs, 2 hits, 0 errors, 2 left on base; Surrey 1 - Chula Vista 7
TOP OF THE 5TH
Surrey Sinners batting - Pitching for Chula Vista Tacos : RHP Joel Ortega
Batting: RHB Francisco Martínez 0-0: Ball
1-0: Foul Ball, location: 2F
1-1: Called Strike
1-2: Strikes out swinging
Batting: RHB Pat Simms 0-0: Fly out, F8 (Flyball, 8LD)
Batting: LHB Robert Mann 0-0: Ball
1-0: Ball
2-0: Ground out 6-3 (Groundball, 56)
Top of the 5th over - 0 runs, 0 hits, 0 errors, 0 left on base; Surrey 1 - Chula Vista 7
BOTTOM OF THE 5TH
Chula Vista Tacos batting - Pitching for Surrey Sinners : LHP Craig Caldwell
Batting: RHB Nelson Wright 0-0: Ball
1-0: Ball
2-0: Foul Ball, location: 2F
2-1: SINGLE (Flyball, 89S)
Batting: SHB Jared Calhoun 0-0: Swinging Strike
0-1: Ball
1-1: Ball
2-1: Foul Ball, location: 2F
2-2: Ball
3-2: Base on Balls
Nelson Wright to second
Batting: RHB Jesús García 0-0: Ball
1-0: Called Strike
1-1: Ball
2-1: Called Strike
2-2: Ball
3-2: Fly out, F7 (Flyball, 78M)
Batting: SHB Ethan Finley 0-0: Called Strike
0-1: SINGLE (Groundball, 5S) (infield hit)
Nelson Wright to third
Jared Calhoun to second
Batting: LHB Dale Miller 0-0: Swinging Strike
0-1: Foul Ball, location: 2F
0-2: Fly out, F8 (Flyball, 8LD)
Runner from 3rd tags up, SCORES, throw made
Batting: RHB Valentín Saldaña 0-0: Called Strike
0-1: Foul Ball, location: 2F
0-2: Fly out, F9 (Flyball, 9LM)
Bottom of the 5th over - 1 run, 2 hits, 0 errors, 2 left on base; Surrey 1 - Chula Vista 8
TOP OF THE 6TH
Surrey Sinners batting - Pitching for Chula Vista Tacos : RHP Joel Ortega
Batting: RHB Christian Porter 0-0: Ball
1-0: Ball
2-0: Called Strike
2-1: Swinging Strike
2-2: Ball
3-2: Base on Balls
Batting: RHB Robert Sipple 0-0: Called Strike
0-1: Ball
1-1: Ball
2-1: Called Strike
2-2: Foul Ball, location: 2F
2-2: Strikes out swinging
Batting: SHB Ed Nelson 0-0: Called Strike
0-1: Called Strike
0-2: Foul Ball, location: 2F
0-2: Ball
1-2: Ball
2-2: Ball
3-2: SINGLE (Line Drive, 89S)
Christian Porter to second
Runner from 2nd tries for 3rd, SAFE, no throw
Batting: RHB Eric Turner 0-0: Foul Ball, location: 2F
0-1: SINGLE (Line Drive, 9LS)
Christian Porter scores
Ed Nelson to second
Batting: RHB Jake Townsend 0-0: Ball
Ed Nelson steals 3rd base
Eric Turner to second
1-0: Foul Ball, location: 2F
1-1: Ball
2-1: Foul Ball, location: 2F
2-2: Ground out 6-3 (Groundball, 6)
Ed Nelson scores
Batting: LHB Patrick Ferguson 0-0: Ball
1-0: Called Strike
1-1: Ball
2-1: Swinging Strike
2-2: Strikes out swinging
Top of the 6th over - 2 runs, 2 hits, 0 errors, 1 left on base; Surrey 3 - Chula Vista 8
BOTTOM OF THE 6TH
Chula Vista Tacos batting - Pitching for Surrey Sinners : LHP Craig Caldwell
Batting: LHB Jean Beauchemin 0-0: Ball
1-0: Ball
2-0: Foul Ball, location: 2F
2-1: Foul Ball, location: 2F
2-2: Ball
3-2: Base on Balls
Batting: RHB Miguel Murillo 0-0: Fielders Choice at 2nd, 6-4 (Groundball, 56)
Batting: RHB Germán Ontiveros 0-0: Ball
1-0: Ball
2-0: Called Strike
2-1: Swinging Strike
2-2: Ball
3-2: Base on Balls
Miguel Murillo to second
Batting: RHB Nelson Wright 0-0: Called Strike
0-1: Grounds into double play, 1-6-3 (Groundball, 13)
Bottom of the 6th over - 0 runs, 0 hits, 0 errors, 1 left on base; Surrey 3 - Chula Vista 8
TOP OF THE 7TH
Surrey Sinners batting - Pitching for Chula Vista Tacos : RHP Joel Ortega
Pitching: LHP Brett French
Batting: RHB Francisco Martínez 0-0: Ball
1-0: Swinging Strike
1-1: Ball
2-1: Ball
3-1: Base on Balls
Batting: RHB Pat Simms 0-0: Ball
1-0: Called Strike
1-1: Ball
2-1: SINGLE (Flyball, 56D)
Francisco Martínez to second
Batting: LHB Robert Mann 0-0: Ball
1-0: Fly out, F9 (Flyball, 9S)
Batting: RHB Christian Porter 0-0: SINGLE (Groundball, 56D)
Francisco Martínez to third
Pat Simms to second
Batting: RHB Robert Sipple 0-0: Ball
1-0: Called Strike
1-1: Ball
2-1: Swinging Strike
2-2: Strikes out swinging
Batting: SHB Ed Nelson 0-0: SINGLE (Line Drive, 56D)
Francisco Martínez scores
Pat Simms to third
Christian Porter to second
Runner from 3rd tries for Home, SAFE, no throw
Pitching: RHP Brock Corless
Batting: RHB Eric Turner 0-0: Ball
1-0: Ball
2-0: Ball
3-0: Called Strike
3-1: Called Strike
3-2: Base on Balls
Christian Porter to third
Ed Nelson to second
Batting: RHB Jake Townsend 0-0: Ball
1-0: Ball
2-0: Ball
3-0: Called Strike
3-1: Foul Ball, location: 2F
3-2: Base on Balls
Christian Porter scores
Ed Nelson to third
Eric Turner to second
Batting: LHB Patrick Ferguson 0-0: Called Strike
0-1: Called Strike
0-2: Strikes out swinging
Top of the 7th over - 3 runs, 3 hits, 0 errors, 3 left on base; Surrey 6 - Chula Vista 8
BOTTOM OF THE 7TH
Chula Vista Tacos batting - Pitching for Surrey Sinners : LHP Craig Caldwell
Pitching: RHP José Gil
Batting: SHB Jared Calhoun 0-0: Called Strike
0-1: Ball
1-1: Ball
2-1: Ball
3-1: Fly out, F8 (Flyball, 8LD)
Batting: RHB Jesús García 0-0: Called Strike
0-1: Called Strike
0-2: Ball
1-2: Ground out 6-3 (Groundball, 6)
Batting: SHB Ethan Finley 0-0: Ball
1-0: Ground out 4-3 (Groundball, 4)
Bottom of the 7th over - 0 runs, 0 hits, 0 errors, 0 left on base; Surrey 6 - Chula Vista 8
TOP OF THE 8TH
Surrey Sinners batting - Pitching for Chula Vista Tacos : RHP Brock Corless
Now at SS: Rafael Cardenas
Batting: RHB Francisco Martínez 0-0: Swinging Strike
0-1: Foul Ball, location: 2F
0-2: Foul Ball, location: 2F
0-2: Ball
1-2: Foul Ball, location: 2F
1-2: Ground out U3 (Groundball, 34)
Batting: RHB Pat Simms 0-0: Ball
1-0: Foul Ball, location: 2F
1-1: Ball
2-1: Called Strike
2-2: Foul Ball, location: 2F
2-2: SINGLE (Groundball, 4MD)
Pinch Runner at 1st Jeff Buck:
Batting: LHB Robert Mann 0-0: Ball
1-0: Called Strike
1-1: Called Strike
1-2: Ball
2-2: Grounds into double play, 5-4-3 (Groundball, 56)
Top of the 8th over - 0 runs, 1 hit, 0 errors, 0 left on base; Surrey 6 - Chula Vista 8
BOTTOM OF THE 8TH
Chula Vista Tacos batting - Pitching for Surrey Sinners : RHP José Gil
Now in CF: Jeff Buck
Batting: LHB Dale Miller 0-0: Ball
1-0: Called Strike
1-1: Ball
2-1: Ball
3-1: Base on Balls
Batting: RHB Valentín Saldaña 0-0: Called Strike
0-1: Foul Ball, location: 2F
0-2: Ball
1-2: Fly out, F9 (Flyball, 9LM)
Pitching: RHP Chris Ryan
Batting: LHB Jean Beauchemin 0-0: Ball
Dale Miller steals 2nd base
1-0: Intentional Walk
Batting: RHB Miguel Murillo 0-0: Called Strike
0-1: Ball
1-1: Foul Ball, location: 2F
1-2: Strikes out swinging
Batting: RHB Germán Ontiveros 0-0: Ball
1-0: Ball
2-0: Ball
3-0: Called Strike
3-1: Base on Balls
Dale Miller to third
Jean Beauchemin to second
Batting: RHB Nelson Wright 0-0: SINGLE (Groundball, 56D)
Dale Miller scores
Jean Beauchemin to third
Germán Ontiveros to second
Runner from 3rd tries for Home, SAFE, no throw
Batting: SHB Jared Calhoun 0-0: Called Strike
0-1: Swinging Strike
0-2: Ball
1-2: Strikes out swinging
Bottom of the 8th over - 2 runs, 1 hit, 0 errors, 2 left on base; Surrey 6 - Chula Vista 10
TOP OF THE 9TH
Surrey Sinners batting - Pitching for Chula Vista Tacos : RHP Brock Corless
Batting: RHB Christian Porter 0-0: Ball
1-0: Called Strike
1-1: Ball
2-1: Called Strike
2-2: Foul Ball, location: 2F
2-2: Foul Ball, location: 2F
2-2: Foul Ball, location: 2F
2-2: Ball
3-2: Base on Balls
Batting: RHB Robert Sipple 0-0: Ball
1-0: Foul Ball, location: 2F
1-1: Called Strike
1-2: Strikes out swinging
Batting: SHB Ed Nelson 0-0: Ball
1-0: Called Strike
1-1: Swinging Strike
1-2: Foul Ball, location: 2F
1-2: Foul Ball, location: 2F
1-2: Ball
2-2: Foul Ball, location: 2F
2-2: Foul Ball, location: 2F
2-2: Strikes out looking
Pitching: RHP Keith Anderson
Batting: RHB Eric Turner 0-0: Foul Ball, location: 2F
0-1: Called Strike
0-2: Foul Ball, location: 2F
0-2: Strikes out looking
Top of the 9th over - 0 runs, 0 hits, 0 errors, 1 left on base; Surrey 6 - Chula Vista 10
Saturday, April 7th, 2018 - OOTP Baseball 18.8 Build 76